 Dungeon Crawl Stone Soup version 0.28.0-43-g3370ac3207 (webtiles) character file.

Game seed: 4416357202812008817

2585 smarlow the Thaumaturge (level 9, -2/60 HPs)
             Began as a Djinni Conjurer on Mar 5, 2022.
             Slain by a wyvern zombie (14 damage)
             ... on level 6 of the Dungeon.
             The game lasted 00:10:43 (7263 turns).

smarlow the Thaumaturge (Djinni Conjurer)           Turns: 7263, Time: 00:10:44

Health: -2/60      AC:  3    Str: 12    XL:     9   Next: 88%
Gold:   198        EV: 13    Int: 25    God:
                   SH:  0    Dex: 11

rFire   + + +      SeeInvis .   (no weapon)
rCold   x . .      Faith    .   (no shield)
rNeg    . . .      Spirit   .   a - +0 robe
rPois   ∞          Reflect  .   (no helmet)
rElec   .          Harm     .   k - +0 cloak {Stlth+}
rCorr   .          Rampage  .   (no gloves)
Will    .....                   (boots unavailable)
Stlth   +++.......              (no amulet)
HPRegen 0.20/turn               d - ring of protection from fire
MPRegen 0.00/turn               i - +6 ring of strength

@: about to teleport, flying, invisible
A: sickness immunity, fire resistance 2, cold vulnerability 1, float, innate
caster, HP casting, extra vitality 1
a: no special abilities


You were on level 6 of the Dungeon.
You visited 1 branch of the dungeon, and saw 6 of its levels.

You collected 198 gold pieces.

Inventory:

Armour
 a - a +0 robe (worn)
 k - a +0 cloak of stealth (worn)
 q - a +0 tower shield
Jewellery
 d - a ring of protection from fire (left hand)
 i - a +6 ring of strength (right hand)
Wands
 g - a wand of flame (47)
Scrolls
 b - 3 scrolls of enchant weapon
 l - a scroll of fog {unknown}
 m - 2 scrolls of brand weapon
 o - a scroll of vulnerability {unknown}
Potions
 e - a potion of degeneration
 f - a potion of cancellation {unknown}
 h - 4 potions of lignification
 j - a potion of curing
 p - a potion of haste {unknown}


   Skills:
 * Level 3.0 Fighting
 + Level 2.6 Armour
 + Level 3.8 Dodging
 + Level 3.0 Stealth
 * Level 2.2 Shields
 * Level 9.0 Spellcasting


You had 2 spell levels left.
You knew the following spells:

 Your Spells              Type           Power      Damage    Failure   Level
a - Magic Dart            Conj           100%       1d8       1%          1
b - Searing Ray           Conj           100%       2d8       1%          2
c - Dazzling Flash        Conj/Hex       100%       N/A       1%          3
d - Fulminant Prism       Conj/Hex       27%        3d14      1%          4
e - Iskenderun's Mystic   Conj/Tloc      54%        2d12      1%          4
f - Sting                 Tmut/Pois      100%       1d8       1%          1
g - Static Discharge      Conj/Air       54%        N/A       1%          2
h - Ignite Poison         Fire/Tmut/Pois 54%        N/A       1%          3
i - Airstrike             Air            27%        N/A       1%          4
Your spell library was empty.

Dungeon Overview and Level Annotations

Branches:
Dungeon (6/15)
 Temple: D:4-7

Altars:
Cheibriados
Qazlal
Ru
Uskayaw
Wu Jian
Zin

Annotations:
D:4 1 runed translucent door, croobank's ghost, amateur OpFE


Innate Abilities, Weirdness & Mutations

You are immune to sickness and miasma.
You are immune to poison.
Your flesh is very heat resistant. (rF++)
You are vulnerable to cold. (rC-)
You float through the air rather than walking.
You learn spells naturally, not from books.
Your magical power is your life essence.
You have superior vitality. (+4 MHP)


Message History

The water moccasin is almost dead.
The water moccasin is knocked back by the mystic blast.
The water moccasin collides with the wyvern zombie!
The wyvern zombie is lightly damaged.
You kill the water moccasin!
The mystic blast hits the ice beast!
You kill the ice beast!
You hear a shout! x2
An orc priest comes into view. It is wielding a +0 flail.
The centaur shoots an arrow.
The arrow hits you.
* * * LOW HITPOINT WARNING * * *
An orc warrior comes into view.
It is wielding a +2 battleaxe of freezing.
Your fulminant prism explodes!
The blast of energy engulfs the centaur!!
You kill the centaur!
The blast of energy engulfs the black bear!!!
You kill the black bear!
The blast of energy engulfs the wyvern zombie!
The wyvern zombie is heavily damaged.
Your Fighting skill increases to level 3!
Your Stealth skill increases to level 3!
Your Shields skill increases to level 2!
Your Spellcasting skill increases to level 9!
Casting: Iskenderun's Mystic Blast (dangerous; 1% risk of failure)
Confirm with . or Enter, or press ? or * to list all spells.
You erupt in a blast of force!
The mystic blast hits the wyvern zombie!
The wyvern zombie is moderately damaged.
The wyvern zombie is knocked back by the mystic blast.
The mystic blast hits the wyvern zombie!
The wyvern zombie is almost destroyed.
The wyvern zombie is knocked back by the mystic blast.
* * * LOW HITPOINT WARNING * * *
It was a potion of invisibility.
You fade into invisibility!
As you read the scroll of teleportation, it crumbles to dust.
You feel strangely unstable. The wyvern zombie bites you.
* * * LOW HITPOINT WARNING * * *
The wyvern zombie bites you!
You die...

#>.....##.....#
#......##....## ##(
#......##....# .'.
#[.....##....# ..#
###
#......##..####.o#
..###......##.##.(#'#
#..##.......#.'....#
##.####.###...#.(Z.#
#<..(..# ###.##@.##
#####..######.##Z#
##......### ..#
########.###.# .)Y#
)........## ..lo#
.)..).....# ..##..
.)........##########
...
.>.).............. ..
..........########


You could see an orc warrior, an ice beast, an iguana, an orc priest and 2
wyvern zombies.

Vanquished Creatures
  Grinder (D:3)
  Sigmund (D:3)
  A water moccasin (D:6)
  An orc warrior (D:6)
  An ice beast (D:6)
  A black bear (D:6)
  A sky beast (D:5)
  2 necrophages (D:4)
  4 ogres (D:4)
  3 centaurs
  A kobold brigand (D:6)
  A scorpion (D:5)
  A wyvern skeleton (D:6)
  2 water moccasin skeletons
  A bullfrog zombie (D:5)
  A centaur skeleton (D:5)
  A hound (D:4)
  2 bullfrog skeletons
  2 orc priests
  Crazy Yiuf (D:2)
  Jessica (D:3)
  3 iguanas
  4 orc wizards
  A scorpion zombie (D:5)
  A hound skeleton (D:5)
  Robin (D:2)
  6 gnolls
  6 adders
  A shadow imp (D:5)
  3 dart slugs
  20 orcs
  5 ball pythons
  7 endoplasms
  5 giant cockroaches
  17 goblins
  6 hobgoblins
  6 jackals (D:4)
  5 quokkas
  2 bats
  8 kobolds
  4 rats
  A spectral hobgoblin (D:3)
142 creatures vanquished.

Vanquished Creatures (others)
  9 fulminant prisms
  5 fungi (D:3)
14 creatures vanquished.

Grand Total: 156 creatures vanquished

Notes
Turn   | Place    | Note
-------+----------+-------------------------------------------
     0 | D:1      | smarlow the Djinni Conjurer began the quest for the Orb.
     0 | D:1      | Reached XP level 1. HP: 15/15 MP: 0/0
   172 | D:1      | Reached XP level 2. HP: 16/21 MP: 0/0
   930 | D:2      | Reached XP level 3. HP: 22/25 MP: 0/0
   930 | D:2      | Learned a level 1 spell: Sting
  1052 | D:2      | Reached skill level 4 in Spellcasting
  1220 | D:2      | Noticed Robin
  1228 | D:2      | Killed Robin
  1229 | D:2      | Reached XP level 4. HP: 19/31 MP: 0/0
  2158 | D:2      | Found a runed translucent door.
  2159 | D:2      | Noticed Crazy Yiuf
  2273 | D:2      | Killed Crazy Yiuf
  2274 | D:2      | Reached XP level 5. HP: 27/35 MP: 0/0
  2274 | D:2      | Learned a level 2 spell: Static Discharge
  2443 | D:3      | Noticed Jessica
  2446 | D:3      | Killed Jessica
  2447 | D:3      | Reached skill level 5 in Spellcasting
  2466 | D:3      | Noticed Sigmund
  3067 | D:3      | Reached XP level 6. HP: 31/40 MP: 0/0
  3236 | D:3      | Found a faded altar of an unknown god.
  3378 | D:3      | Found an ornate altar of the Wu Jian Council.
  3398 | D:3      | Killed Sigmund
  3399 | D:3      | Reached skill level 6 in Spellcasting
  3399 | D:3      | Reached XP level 7. HP: 31/45 MP: 0/0
  3399 | D:3      | Learned a level 3 spell: Ignite Poison
  3404 | D:3      | Noticed Grinder
  3411 | D:3      | Killed Grinder
  3638 | D:3      | Found a stormy altar of Qazlal.
  3640 | D:3      | Noticed an air elemental
  3641 | D:3      | Noticed a fire elemental
  3641 | D:3      | Noticed a water elemental
  3721 | D:3      | Found a sacrificial altar of Ru.
  4001 | D:4      | Reached skill level 7 in Spellcasting
  4078 | D:4      | Reached XP level 8. HP: 37/50 MP: 0/0
  4518 | D:4      | Found a snail-covered altar of Cheibriados.
  4854 | D:4      | Reached skill level 8 in Spellcasting
  5356 | D:4      | Found a runed translucent door.
  5361 | D:4      | Noticed croobank's ghost (amateur OpFE)
  5459 | D:5      | Entered Level 5 of the Dungeon
  5555 | D:5      | Reached XP level 9. HP: 44/55 MP: 0/0
  5555 | D:5      | Learned a level 4 spell: Airstrike
  5814 | D:5      | Found a glowing silver altar of Zin.
  5947 | D:5      | Found a hide-covered altar of Uskayaw.
  5994 | D:5      | Reached skill level 1 in Fighting
  5994 | D:5      | Reached skill level 1 in Armour
  6886 | D:6      | Reached skill level 1 in Shields
  7261 | D:6      | Reached skill level 9 in Spellcasting
  7263 | D:6      | Slain by a wyvern zombie

Illustrated notes

Levels and vault maps discovered:
D:1:      scummos_arrival_simple_crosswalls, layout_rooms
D:2:      layout_loops_corners, uniq_crazy_yiuf_cottage, uniq_robin
D:3:      layout_rooms, mainiacjoe_overflow_boulevard,
          nicolae_ru_the_path_less_chosen, nicolae_qazlal_style_of_elements,
          dreamdust_ecumenical_altar_drowned_temple, uniq_jessica, uniq_sigmund,
          uniq_grinder
D:4:      layout_basic, kennysheep_slug_shrine, ebering_ghost_sewer_d,
          minmay_misc_feat_diagonals, minmay_manual_mares
D:5:      layout_basic, mainiacjoe_overflow_tiny_flanked, marbit_many_paths,
          st_stairs_9, chequers_serial_rivers_micro_b
D:6:      minmay_bubble_buster, layout_rooms, minmay_temple_entry_proselytizer,
          st_stairs_4, kennysheep_another_room

Skill      XL: |  1  2  3  4  5  6  7  8  9 |
---------------+----------------------------+-----
Spellcasting   | 4 5 6 7 8 9 |  9.0
Stealth        | 3 |  3.0
Fighting       | 3 |  3.0
Armour         | 2 |  2.6
Dodging        | 3 |  3.8
Shields        | 2 |  2.2

Action                   |  1- 3 |  4- 6 |  7- 9 || total
-------------------------+-------+-------+-------++-------
 Cast: Magic Dart        |    43 |    73 |   142 ||   258
       Searing Ray       |     3 |     2 |     2 ||     7
       Iskenderun's Myst |       |     3 |    42 ||    45
       Fulminant Prism   |       |     3 |     6 ||     9
       Airstrike         |       |       |     7 ||     7
Evoke: Wand              |       |       |     1 ||     1
  Use: Scroll            |       |     5 |     3 ||     8
       Potion            |       |     1 |     1 ||     2
Armor: Robe              |       |     2 |     1 ||     3
Dodge: Dodged            |       |     9 |    10 ||    19
